 Dungeon Crawl Stone Soup version 0.28.0 (webtiles) character file.

Game seed: 3546736021958679617

15636 Gabide the Slinger (level 11, -3/97 HPs)
             Began as a Demigod Hunter on Feb 7, 2022.
             Slain by an orc knight (16 damage)
             ... on level 1 of the Orcish Mines.
             The game lasted 00:46:35 (16675 turns).

Gabide the Slinger (Demigod Hunter)                Turns: 16675, Time: 00:46:36

Health: -3/97      AC: 18    Str: 25    XL:     11   Next: 71%
Magic:  22/23      EV: 13    Int: 16    God:
Gold:   764        SH:  0    Dex: 18    Spells: 10/10 levels left

rFire   . . .      SeeInvis .   a - +4 hunting sling
rCold   + + .      Faith    .   (no shield)
rNeg    . . .      Spirit   .   u - +6 scale mail of Hopra {Int+3 Stlth+}
rPois   .          Reflect  .   h - +0 helmet of the Shining Light {Drain +Blink Dex+4}
rElec   .          Harm     .   (no cloak)
rCorr   .          Rampage  .   i - +0 pair of gloves
Will    +....                   (no boots)
Stlth   ++........              (no amulet)
HPRegen 0.26/turn               j - ring of magical power
MPRegen 0.18/turn               y - ring "Maerph" {rC+ Slay+4}

@: on blink cooldown, studying Long Blades
A: high MP 1, forlorn, divine attributes, iridescent scales 1, cold resistance 1
a: Evoke Blink


You were on level 1 of the Orcish Mines.
You visited 2 branches of the dungeon, and saw 13 of its levels.

You collected 764 gold pieces.

Inventory:

Hand Weapons
 a - a +4 hunting sling (weapon)
 c - a +0 short sword of electrocution
 o - a +1 dagger of draining
Missiles
 g - 133 stones (quivered ammo)
Armour
 h - the +0 helmet of the Shining Light (worn) {Drain +Blink Dex+4}
   (You found it on level 10 of the Dungeon)

   Dex:       It affects your dexterity (+4).
   +Blink:    It lets you blink.
   Drain:     It drains your maximum health when unequipped.
 i - a +0 pair of gloves (worn)
 u - the +6 scale mail of Hopra (worn) {Int+3 Stlth+}
   (You found it on level 6 of the Dungeon)

   Int:       It affects your intelligence (+3).
   Stlth:     It makes you more stealthy.
 w - a +2 hat
Jewellery
 j - a ring of magical power (left hand)
 y - the ring "Maerph" (right hand) {rC+ Slay+4}
   (You found it on level 8 of the Dungeon)

   [ring of slaying]

   Slay:      It affects your accuracy & damage with ranged weapons and melee
   (+4).
   rC:        It protects you from cold.
Wands
 b - a wand of flame (7)
 q - a wand of digging (11)
 r - a wand of polymorph (2)
Scrolls
 d - a scroll of holy word
 n - a scroll of immolation
 t - a scroll of amnesia
Potions
 k - a potion of mutation
 m - a potion of brilliance
 v - a potion of cancellation
 x - 2 potions of resistance
 z - a potion of lignification


   Skills:
 * Level 9.0 Fighting
 + Level 0.3 Short Blades
 * Level 13.3 Slings
 + Level 0.2(8.5) Throwing
 + Level 6.7 Armour
 * Level 5.1 Dodging
 + Level 2.0 Stealth
 * Level 3.2 Evocations


You had 10 spell levels left.
You didn't know any spells.
Your spell library contained the following spells:

 Spells                   Type           Power      Damage    Failure   Level
 Animate Skeleton         Necr           0%         N/A       47%         1
 Apportation              Tloc           0%         N/A       47%         1
 Pain                     Necr           0%         1d4       47%         1
 Gell's Gravitas          Tloc           0%         N/A       85%         3
 Portal Projectile        Hex/Tloc       0%         N/A       85%         3
 Teleport Other           Tloc           0%         N/A       85%         3
 Tukima's Dance           Hex            0%         N/A       85%         3
 Vampiric Draining        Necr           0%         2d6       85%         3
 Leda's Liquefaction      Hex/Erth       0%         N/A       99%         4
 Passage of Golubria      Tloc           0%         N/A       99%         4
 Alistair's Intoxication  Tmut/Pois      0%         N/A       100%        5
 Blade Hands              Tmut           0%         N/A       100%        5
 Excruciating Wounds      Necr           0%         N/A       100%        5
 Irradiate                Conj/Tmut      0%         3d13      100%        5
 Lee's Rapid Deconstruct  Erth           0%         3d5*      100%        5
 Yara's Violent Unravell  Hex/Tmut       0%         3d3       100%        5
 Dispersal                Tloc           0%         N/A       100%        6
 Statue Form              Tmut/Erth      0%         N/A       100%        6
 Dragon Form              Tmut           0%         N/A       100%        7
 Chain Lightning          Conj/Air       0%         N/A       100%        9
 Fire Storm               Conj/Fire      0%         5d1       100%        9
 Shatter                  Erth           0%         3d5*      100%        9


Dungeon Overview and Level Annotations

Branches:
Dungeon (11/15)            Temple (0/1) D:5            Lair (0/6) D:8
    Orc (2/2) D:11
    Elf: Orc:2

Shops:
D:1 *   D:6 *   D:9 =

Portals:
Abyss: D:7

Annotations:
D:4 3 runed translucent doors, asishallab's ghost, amateur DrFi
D:5 1 runed translucent door, Crazy Yiuf
D:7 exclusion: oklob plant
D:9 2 transporters, Tzialkovskiy's ghost, journeyman GrFi
Orc:1 1 runed translucent door, Veteran's ghost, journeyman DDFi


Innate Abilities, Weirdness & Mutations

You have an increased reservoir of magic. (+10% MP)
You shall have no god before yourself.
Your divine heritage dramatically boosts your attributes as you level up.
You are partially covered in iridescent scales. (AC +2)
Your flesh is cold resistant. (rC+)


Message History

Press: ? - help, Shift-Dir - straight line, f - orc knight
Aim: an orc knight, wielding a +0 long sword and wearing a +0 chain mail (severely wounded, will become a redback, a dream sheep, or a deep troll, chance to affect: 39%)
A jelly appears out of thin air!
Unknown command.
Unknown command.
Unknown command.
Fire: 139 stones
Press: ? - help, Q - select action, (/) - cycle Shift-Dir - straight line, f/p - orc knight
Aim: an orc knight, wielding a +0 long sword and wearing a +0 chain mail (severely wounded, 73% to hit)
You shoot a stone. The stone hits the jelly!
The jelly is severely wounded.
Fire: 138 stones
Press: ? - help, Q - select action, (/) - cycle Shift-Dir - straight line, f/p - orc knight
Aim: an orc knight, wielding a +0 long sword and wearing a +0 chain mail (severely wounded, 73% to hit)
You shoot a stone. The stone hits the jelly.
The jelly is almost dead.
Fire: 137 stones
Press: ? - help, Q - select action, (/) - cycle Shift-Dir - straight line, f/p - orc knight
Aim: an orc knight, wielding a +0 long sword and wearing a +0 chain mail (severely wounded, 73% to hit)
You shoot a stone. The stone hits the orc knight!
The orc knight is almost dead.
Fire: 136 stones
Press: ? - help, Q - select action, (/) - cycle Shift-Dir - straight line, f/p - orc knight
Aim: an orc knight, wielding a +0 long sword and wearing a +0 chain mail (almost dead, 73% to hit)
You shoot a stone. The stone hits the orc knight.
The orc knight is almost dead.
Fire: 135 stones
Press: ? - help, Q - select action, (/) - cycle Shift-Dir - straight line, f/p - orc knight
Aim: an orc knight, wielding a +0 long sword and wearing a +0 chain mail (almost dead, 73% to hit)
You shoot a stone.
The stone closely misses the orc knight.
You feel stable enough to blink again.
You blink.
Fire: 134 stones
Press: ? - help, Q - select action, (/) - cycle Shift-Dir - straight line, f/p - orc knight
Aim: an orc knight, wielding a +0 long sword and wearing a +0 chain mail (almost dead, 73% to hit)
You shoot a stone. The stone hits the orc knight!
The orc knight is almost dead.
The orc knight hits you with a +0 long sword!
You die...

###...........
##.............
****#..........#...
#§§§#...........#..
#§§§#............#.
#oW§#..............
##+##.........)#...
#.o.....(..[.(..#.#
#.@J.#...).>.....##
##..###.#.#.#.#.##
#### ###########


You could see an orc knight, an orc warrior, a jelly and Veteran's ghost.

Vanquished Creatures
  An orc warlord (D:11)
  Josephine (D:11)
  4 two-headed ogres
  3 skeletal warriors (D:11)
  An orc sorcerer (Orc:1)
  2 cyclopes (D:11)
  A kobold demonologist (D:10)
  A troll (D:10)
  Prince Ribbit (D:7)
  3 hornets
  Grinder (D:3)
  3 wraiths (D:11)
  A wyvern (D:11)
  10 yaks
  A basilisk (D:10)
  10 vampire mosquitoes
  An acid dragon (D:10)
  Menkaure (D:6)
  3 water moccasins
  2 sky beasts
  11 orc warriors
  2 black bears
  A necrophage (D:4)
  5 ogres
  2 kobold brigands
  A gnoll sergeant (D:8)
  2 bullfrogs
  2 scorpions
  A wyvern skeleton (D:7)
  A water moccasin skeleton (D:6)
  4 killer bees (D:7)
  2 howler monkeys
  2 centaur zombies
  9 orc priests
  A centaur skeleton (D:5)
  A hound (D:4)
  2 iguanas (D:4)
  10 orc wizards
  A killer bee zombie (D:3)
  9 gnolls
  A howler monkey skeleton (D:4)
  2 adders
  A shadow imp (D:6)
  3 white imps
  An adder skeleton (D:4)
  4 worms
  A dart slug (D:4)
  56 orcs
  3 endoplasms
  2 giant cockroaches (D:2)
  10 goblins
  4 hobgoblins
  4 jackals (D:3)
  2 quokkas
  8 ball pythons
  4 bats
  3 frilled lizards
  13 kobolds
  6 rats
  2 lurking horrors (D:7)
250 creatures vanquished.

Vanquished Creatures (others)
  51 plants (D:7)
  11 toadstools (D:7)
62 creatures vanquished.

Grand Total: 312 creatures vanquished

Notes
Turn   | Place    | Note
-------+----------+-------------------------------------------
     0 | D:1      | Gabide the Demigod Hunter began the quest for the Orb.
     0 | D:1      | Reached XP level 1. HP: 17/17 MP: 3/3
   173 | D:1      | Found Baugekhi's General Store.
   530 | D:1      | Reached skill level 4 in Slings
   534 | D:1      | Reached XP level 2. HP: 24/24 MP: 4/4
  1385 | D:2      | Reached XP level 3. HP: 29/29 MP: 5/5
  2033 | D:3      | Reached XP level 4. HP: 34/37 MP: 6/6
  2414 | D:3      | Reached skill level 5 in Slings
  3118 | D:3      | Noticed Grinder
  3123 | D:3      | Paralysed by Grinder for 3 turns
  3132 | D:3      | Killed Grinder
  3133 | D:3      | Reached skill level 6 in Slings
  3133 | D:3      | Reached skill level 1 in Armour
  3133 | D:3      | Reached XP level 5. HP: 42/42 MP: 7/7
  3173 | D:3      | Reached skill level 1 in Stealth
  3173 | D:3      | Reached XP level 6. HP: 31/50 MP: 8/8
  3655 | D:4      | Noticed asishallab's ghost (amateur DrFi)
  3958 | D:4      | Found a runed translucent gate.
  3960 | D:4      | Found a runed translucent gate.
  3961 | D:4      | Found a runed translucent gate.
  3969 | D:4      | Reached skill level 7 in Slings
  3969 | D:4      | Reached XP level 7. HP: 57/57 MP: 9/9
  4154 | D:5      | Entered Level 5 of the Dungeon
  4276 | D:5      | Found a runed translucent door.
  4277 | D:5      | Noticed Crazy Yiuf
  4675 | D:5      | Found a staircase to the Ecumenical Temple.
  5100 | D:6      | Reached skill level 8 in Slings
  5123 | D:6      | Found Ilyvom's General Store.
  5409 | D:6      | Noticed Menkaure
  5416 | D:6      | Killed Menkaure
  5417 | D:6      | Reached XP level 8. HP: 66/66 MP: 10/10
  5443 | D:6      | Identified the +6 scale mail of Hopra {Int+3 Stlth+}
  5634 | D:6      | Reached skill level 9 in Slings
  6044 | D:7      | Noticed a hornet
  6058 | D:7      | Paralysed by a hornet for 1 turns
  6060 | D:7      | Paralysed by a hornet for 1 turns
  6061 | D:7      | Killed a hornet
  6596 | D:7      | Noticed an oklob plant
  6891 | D:7      | Found a one-way gate to the infinite horrors of the Abyss.
  7874 | D:7      | Noticed Prince Ribbit
  7895 | D:7      | Killed Prince Ribbit
  7896 | D:7      | Reached skill level 5 in Fighting
  7896 | D:7      | Reached skill level 10 in Slings
  7896 | D:7      | Reached XP level 9. HP: 51/74 MP: 11/11
  8460 | D:8      | Identified the ring "Maerph" {rC+ Slay+4}
  8606 | D:8      | Found a staircase to the Lair.
  8829 | D:8      | Reached skill level 11 in Slings
  9140 | D:9      | Found Bos Teby's Jewellery Shoppe.
  9745 | D:9      | Found a transporter.
  9824 | D:9      | Found a transporter.
  9834 | D:9      | Noticed Tzialkovskiy's ghost (journeyman GrFi)
 10082 | D:8      | Gained mutation: Your flesh is cold resistant. (rC+)
                  | [potion of mutation]
 10082 | D:8      | Gained mutation: You are partially covered in iridescent
                  | scales. (AC +2) [potion of mutation]
 10097 | D:8      | HP: 2/75 [something (9)]
 10520 | D:8      | HP: 3/75 [something (7)]
 10946 | D:9      | Noticed a two-headed ogre
 10956 | D:9      | Killed a two-headed ogre
 10957 | D:9      | Reached XP level 10. HP: 71/83 MP: 13/13
 11087 | D:10     | Entered Level 10 of the Dungeon
 11282 | D:10     | Reached skill level 5 in Armour
 11345 | D:10     | Reached skill level 12 in Slings
 12213 | D:10     | Identified the +0 helmet of the Shining Light {Drain +Blink
                  | Dex+4}
 12243 | D:10     | Paralysed by a hornet for 1 turns
 12491 | D:11     | Noticed a cyclops
 12491 | D:11     | Noticed a two-headed ogre
 12501 | D:11     | Killed a two-headed ogre
 12503 | D:11     | Killed a cyclops
 12744 | D:11     | Reached skill level 1 in Evocations
 12830 | D:11     | Found a staircase to the Orcish Mines.
 12881 | D:11     | Noticed a two-headed ogre
 12891 | D:11     | Killed a two-headed ogre
 12892 | D:11     | Reached XP level 11. HP: 81/93 MP: 14/14
 12979 | D:11     | Noticed Josephine
 13021 | D:11     | Killed Josephine
 13563 | D:11     | Noticed a skeletal warrior
 13591 | D:11     | Killed a skeletal warrior
 13870 | D:11     | Noticed a skeletal warrior
 13888 | D:11     | Killed a skeletal warrior
 13889 | D:11     | Reached skill level 13 in Slings
 13954 | D:11     | Noticed a skeletal warrior
 13969 | D:11     | Killed a skeletal warrior
 14158 | Orc:1    | Entered Level 1 of the Orcish Mines
 14239 | Orc:1    | Noticed an orc warlord
 15874 | D:11     | Killed an orc warlord
 16438 | Orc:1    | Reached skill level 5 in Dodging
 16484 | Orc:1    | Noticed a two-headed ogre
 16496 | Orc:1    | Killed a two-headed ogre
 16526 | Orc:1    | Found a runed translucent door.
 16531 | Orc:1    | Noticed Veteran's ghost (journeyman DDFi)
 16634 | Orc:2    | Entered Level 2 of the Orcish Mines
 16648 | Orc:2    | Noticed an orc knight
 16675 | Orc:1    | Slain by an orc knight

Illustrated notes

Levels and vault maps discovered:
D:1:      dpeg_chamrin_arrival_tetris, layout_basic,
          chequers_ecumenical_altar_island, serial_shops, shop,
          kennysheep_nondescript, minmay_vboxes
D:2:      minmay_door_path, layout_basic
D:3:      layout_basic, nicolae_grassy_gnolls, uniq_grinder
D:4:      layout_loops_ring, gammafunk_ghost_icy, grunt_decor_clamped
D:5:      layout_cave_pools, minmay_temple_entry_gardened_gates,
          uniq_crazy_yiuf_cottage
D:6:      layout_basic, serial_shops, shop, uniq_menkaure
D:7:      layout_basic, tgw_fedhas, amethyst_killhole,
          nicolae_concentric_dashed_squares_mild,
          amcnicky_altar_lugonu_corruption, uniq_prince_ribbit1
D:8:      layout_cave_pools, lair_entry_dummy
D:9:      layout_long_grid, serial_shops, shop, gammafunk_ghost_hive
D:10:     layout_roguey, minmay_three_doors
D:11:     layout_roguey, hiddenorc1_lemuel, uniq_josephine
Orc:1:    layout_caves, serial_shops, basic_altar, ebering_ghost_inner_flame,
          nicolae_orc_rich_vein
Orc:2:    st_orc_congregation, layout_diamond_mine, uniq_azrael

Skill      XL: |  1  2  3  4  5  6  7  8  9 10 11 |
---------------+----------------------------------+-----
Slings         | 4 6 7 8 10 11 12 13 | 13.3
Fighting       | 2 3 4 5 6 7 9 |  9.0
Armour         | 1 2 3 4 6 |  6.7
Dodging        | 2 3 4 5 |  5.1
Stealth        | 1 2 |  2.0
Evocations     | 1 3 |  3.2
Short Blades   | |  0.3
Throwing       | |  0.2

Action                   |  1- 3 |  4- 6 |  7- 9 | 10-12 || total
-------------------------+-------+-------+-------+-------++-------
Melee: Hunting sling     |       |       |     5 |       ||     5
       Short sword       |       |       |     6 |       ||     6
       Dagger            |       |       |       |    17 ||    17
       Punch             |       |       |       |     1 ||     1
 Fire: Hunting sling     |   123 |   114 |   536 |   475 ||  1248
Throw: Throwing net      |       |       |       |     2 ||     2
 Abil: Evoke Blink       |       |       |       |     2 ||     2
Evoke: Wand              |       |       |       |     4 ||     4
  Use: Scroll            |     6 |     2 |    16 |     5 ||    29
       Potion            |       |       |    10 |     1 ||    11
 Stab: Held in net/web   |       |       |       |     2 ||     2
Armor: Leather armour    |     6 |     6 |     4 |       ||    16
       Scale mail        |       |       |   156 |    71 ||   227
       Skin              |       |       |    71 |       ||    71
Dodge: Dodged            |    20 |    22 |    66 |   103 ||   211
